 Dungeon Crawl Stone Soup version 0.29.1-1-gd02db6906a (webtiles) character file.

Game seed: 18082572823404722709

2158 Ashen the Chiller (level 9, -3/102 HPs)
             Began as a Demonspawn Ice Elementalist on Sept 15, 2022.
             Was an Elder of Dithmenos.
             Slain by a killer bee (4 damage)
             ... on level 7 of the Dungeon.
             The game lasted 00:17:46 (8405 turns).

Ashen the Chiller (Demonspawn Ice Elementalist)     Turns: 8405, Time: 00:17:46

Health: -3/102     AC: 24    Str:  9    XL:     9   Next: 10%
Magic:  10/16      EV:  2    Int: 22    God:    Dithmenos [****..]
Gold:   681        SH:  0    Dex: 20    Spells: 7/18 levels left

rFire   . . .      SeeInvis .   j - +2 dagger (venom)
rCold   . . .      Faith    .   (no shield)
rNeg    . . .      Spirit   .   (body armour currently unavailable)
rPois   +          Reflect  .   (helmet currently unavailable)
rElec   .          Harm     .   (cloak currently unavailable)
rCorr   .          Rampage  .   (gloves currently unavailable)
Will    .....      NoTele   +   (boots currently unavailable)
Stlth   +++++.....              (no amulet)
HPRegen 0.27/turn               g - +6 ring of dexterity
MPRegen 0.15/turn               (no ring)

@: tree-form, very slightly contaminated, wreathed by umbra, invisible
A: stationary, stasis, torment immunity, boosted hp, (horns 1), demonic guardian
2, powered by pain 1, big brain 1
a: Renounce Religion, Shadow Step


You were on level 7 of the Dungeon.
You worshipped Dithmenos.
Dithmenos was greatly pleased with you.
You were a tree.
You visited 1 branch of the dungeon, and saw 7 of its levels.
You also visited: Ossuary.

You collected 681 gold pieces.

Inventory:

Hand Weapons
 j - a +2 dagger of venom (weapon)
 m - the +7 Singing Sword {vorpal, sonic wave}
   (You found it on level 5 of the Dungeon)

   It inflicts extra damage upon your enemies.
   It radiates damaging sonic waves as it strikes, especially in combat
   involving dangerous or numerous foes.
Armour
 x - a +2 robe of cold resistance (melded)
Jewellery
 g - a +6 ring of dexterity (left branch)
 w - a +6 ring of strength
Scrolls
 c - 3 scrolls of enchant armour
 f - 2 scrolls of identify
 h - a scroll of poison
 q - a scroll of silence {unknown}
 r - a scroll of fear {unknown}
 s - a scroll of immolation {unknown}
 t - a scroll of teleportation {unknown}
 u - a scroll of fog
 v - a scroll of blinking
Potions
 b - 2 potions of magic
 d - 2 potions of invisibility
 e - a potion of brilliance
 i - a potion of attraction {unknown}
 k - 2 potions of flight
 p - a potion of might {unknown}


   Skills:
 + Level 5.2 Fighting
 + Level 5.2 Dodging
 - Level 5.0 Stealth
 + Level 5.2 Spellcasting
 + Level 2.0 Conjurations
 + Level 6.0 Ice Magic


You had 7 spell levels left.
You knew the following spells:

 Your Spells              Type           Power      Damage    Failure   Level
a - Freeze                Ice            100%       1d11      1%          1
b - Frozen Ramparts       Ice            64%        1d10      2%          3
c - Ozocubu's Armour      Ice            32%        N/A       2%          3
d - Hailstorm             Conj/Ice       23%        3d7       19%         4

Your spell library contained the following spells:

 Spells                   Type           Power      Damage    Failure   Level
 Dazzling Flash           Conj/Hex       20%        N/A       19%         3
 Call Canine Familiar     Summ           5%         N/A       30%         3
 Portal Projectile        Hex/Tloc       10%        N/A       30%         3
 Tukima's Dance           Hex            5%         N/A       30%         3
 Iskenderun's Mystic Bla  Conj/Tloc      10%        2d4       54%         4
 Leda's Liquefaction      Hex/Erth       2%         N/A       69%         4
 Passage of Golubria      Tloc           5%         N/A       69%         4
 Yara's Violent Unravell  Hex/Tmut       2%         3d3       95%         5
 Starburst                Conj/Fire      5%         6d4       100%        6


Dungeon Overview and Level Annotations

Branches:
Dungeon (7/15)             Temple (0/1) D:7         Ossuary (visited)

Altars:
Ashenzari
Cheibriados
Dithmenos
Fedhas
Kikubaaqudgha
Ru
Vehumet

Annotations:
D:6 Pikel
D:7 Maggie, Menkaure


Innate Abilities, Weirdness & Mutations

You are a tree.
Your roots penetrate the ground, keeping you stationary.
You cannot be teleported.
You are immune to unholy pain and torment.
Your maximum health is greatly increased.
Your equipment is partially melded.
((You have a pair of small horns on your head.))
A demonic guardian rushes to your aid.
You sometimes gain a little power by taking damage.
You have an unusually large brain. (Int +2)


Message History

It was a potion of curing.
You feel better.
The killer bee buzzes angrily.
You hear a bark!
The killer bee stings you but does no damage.
The killer bee stings you.
* * * LOW HITPOINT WARNING * * *
The wall freezes the killer bee.
The killer bee stings you but does no damage. x3
Your ice devil hits the killer bee but does no damage.
Okay, then.
You closely miss the killer bee.
The killer bee is lightly wounded.
The killer bee buzzes angrily.
The killer bee stings your ice devil but does no damage.
The killer bee stings you but does no damage. x2
Your ice devil hits the killer bee but does no damage.
Unknown command.
You strike the helpless killer bee from behind!
You impale the killer bee!!
You kill the killer bee!
Dithmenos accepts your kill. The killer bee stings you.
* * * LOW HITPOINT WARNING * * *
The killer bee barely misses you.
The killer bee stings you but does no damage. x2
The killer bee completely misses you.
Your ice devil closely misses the killer bee.
You miss the killer bee.
The killer bee is heavily wounded.
The frozen ramparts melt away.
The killer bee stings you but does no damage.
The killer bee stings you.
* * * LOW HITPOINT WARNING * * *
The killer bee barely misses you.
The killer bee stings you but does no damage.
Your ice devil hits the killer bee.
Your ice devil freezes the killer bee!
You closely miss the killer bee.
The killer bee is heavily wounded.
The killer bee stings your ice devil but does no damage.
The killer bee stings you.
You die...

h................
..................
..................
....h.............
..................
..........§§§.....
..........§§......
........yyy§§.....
.......<§♣4.......
###########...####
####


You could see a hound, 3 killer bees and a friendly ice devil (summoned).

Vanquished Creatures
  Eustachio (D:6)
  A sky beast (D:5)
  3 ogres
  2 centaurs
  2 lemures (D:5)
  A phantom (D:7)
  Blork the orc (D:6)
  3 bullfrogs
  4 scorpions
  2 killer bees (D:7)
  A centaur zombie (Ossuary)
  3 hounds
  2 jellies (D:6)
  2 orc priests (D:6)
  A gnoll bouda (D:4)
  An iguana (D:6)
  6 orc wizards
  2 mummies
  6 gnolls (D:4)
  10 adders
  2 shadow imps (D:6)
  3 worms
  A dart slug (D:2)
  21 orcs
  5 ball pythons
  5 endoplasms
  3 giant cockroaches
  2 gnoll zombies (Ossuary)
  8 goblins
  8 hobgoblins
  4 jackals (D:4)
  5 quokkas
  18 bats
  4 frilled lizards
  2 goblin zombies (Ossuary)
  2 hobgoblin zombies (Ossuary)
  4 kobolds
  3 orc zombies (Ossuary)
154 creatures vanquished.

Vanquished Creatures (collateral kills)
  A killer bee (D:7)
  A human zombie (Ossuary)
  An iguana (D:5)
  A mummy (Ossuary)
  2 hobgoblins
  A goblin (D:4)
  A goblin zombie (Ossuary)
  A hobgoblin zombie (Ossuary)
  An orc zombie (Ossuary)
10 creatures vanquished.

Vanquished Creatures (others)
  5 fungi
5 creatures vanquished.

Grand Total: 169 creatures vanquished

Notes
Turn   | Place    | Note
-------+----------+-------------------------------------------
     0 | D:1      | Ashen the Demonspawn Ice Elementalist began the quest for
                  | the Orb.
     0 | D:1      | Reached XP level 1. HP: 13/13 MP: 3/3
   408 | D:1      | Gained mutation: A weak demonic guardian rushes to your
                  | aid. [demonic ancestry]
   408 | D:1      | Reached XP level 2. HP: 20/20 MP: 5/5
  1077 | D:1      | Noticed a great orb of eyes
  1079 | D:1      | Found a faded altar of an unknown god.
  1080 | D:1      | Noticed a golden eye
  1080 | D:1      | Noticed a floating eye
  1080 | D:1      | Noticed a great orb of eyes
  1138 | D:1      | Prayed at the altar of an unknown god.
  1138 | D:1      | Became a worshipper of Dithmenos the Shadowed
  1138 | D:1      | Reached * piety under Dithmenos
  1508 | D:2      | Reached skill level 1 in Fighting
  1508 | D:2      | Gained mutation: You have an unusually large brain. (Int
                  | +2) [demonic ancestry]
  1508 | D:2      | Reached XP level 3. HP: 13/26 MP: 1/6
  1679 | D:2      | Identified the +3 short sword of Immorality {freeze, Fly
                  | rF+ Int+3}
  2595 | D:3      | Gained mutation: A demonic guardian rushes to your aid.
                  | [demonic ancestry]
  2595 | D:3      | Reached XP level 4. HP: 32/32 MP: 7/7
  2629 | D:3      | Reached ** piety under Dithmenos
  2643 | D:3      | Reached skill level 4 in Ice Magic
  3272 | D:3      | Found an ancient bone altar of Kikubaaqudgha.
  3506 | D:4      | Found a sand-covered staircase.
  3519 | D:4      | Learned a level 3 spell: Frozen Ramparts
  3523 | D:4      | Learned a level 3 spell: Ozocubu's Armour
  3524 | Ossuary  | Entered an ossuary
  3668 | Ossuary  | Gained mutation: You sometimes gain a little power by
                  | taking damage. [demonic ancestry]
  3668 | Ossuary  | Reached XP level 5. HP: 23/38 MP: 5/9
  4051 | D:3      | Reached XP level 6. HP: 10/46 MP: 3/10
  4406 | D:4      | Learned a level 4 spell: Hailstorm
  5574 | D:5      | Entered Level 5 of the Dungeon
  5665 | D:5      | Reached XP level 7. HP: 52/52 MP: 12/12
  5700 | D:5      | Found a blossoming altar of Fedhas.
  5911 | D:5      | Reached *** piety under Dithmenos
  6089 | D:5      | Found the +7 Singing Sword {vorpal, sonic wave}
  6144 | D:5      | Reached skill level 5 in Ice Magic
  6475 | D:6      | You fall into a shaft and drop 1 floor!
  6613 | D:7      | Found a radiant altar of Vehumet.
  6620 | D:7      | Noticed Menkaure
  6815 | D:7      | Reached XP level 8. HP: 16/60 MP: 14/14
  7077 | D:7      | Found a staircase to the Ecumenical Temple.
  7078 | D:7      | Noticed Maggie
  7137 | D:6      | Noticed Blork the orc
  7385 | D:6      | Noticed Eustachio
  7401 | D:6      | Killed Eustachio
  7405 | D:6      | Reached skill level 5 in Stealth
  7424 | D:6      | Reached skill level 1 in Conjurations
  7434 | D:6      | Reached skill level 5 in Dodging
  7436 | D:6      | Reached skill level 5 in Spellcasting
  7587 | D:6      | Reached skill level 5 in Fighting
  7668 | D:6      | Noticed Pikel
  7812 | D:6      | Found a broken altar of Ashenzari.
  7813 | D:6      | Found a sacrificial altar of Ru.
  7998 | D:6      | Killed Blork the orc
  7998 | D:6      | Reached **** piety under Dithmenos
  7999 | D:6      | Reached skill level 6 in Ice Magic
  7999 | D:6      | Gained mutation: You have a pair of small horns on your
                  | head. [demonic ancestry]
  7999 | D:6      | Reached XP level 9. HP: 29/68 MP: 13/16
  8243 | D:6      | Found a snail-covered altar of Cheibriados.
  8389 | D:7      | Found a shadowy altar of Dithmenos.
  8403 | D:7      | HP: 4/102 [killer bee (4)]
  8404 | D:7      | HP: 1/102 [killer bee (3)]
  8405 | D:7      | Slain by a killer bee

Illustrated notes

Levels and vault maps discovered:
D:1:      roderic_crop_circles_arrival_small, layout_basic,
          hellmonk_ecumenical_altar_watching_god, minmay_tetromino_s4
D:2:      layout_loops_ring
D:3:      layout_basic, nicolae_overflow_hidden_temple
D:4:      layout_layer_cave, enter_ossuary_1, grunt_decor_fettered,
          chequers_serial_rivers_micro_d, chequers_serial_rivers_small_3,
          minmay_a_box_with_orc_wizards_in_it
D:5:      old_forge, layout_basic, mainiacjoe_overflow_cross_hatched,
          minmay_misc_feat_rows
D:6:      layout_rooms, slow_altar_2, nicolae_tso_swordbearing_angel,
          jmf_multi_god_temple, uniq_blork_the_orc, uniq_pikel, uniq_eustachio
D:7:      layout_gridville, grunt_dithmenos_smoke,
          mainiacjoe_overflow_boulevard, minmay_temple_entry_drinking_statues,
          uniq_menkaure, uniq_maggie

Skill      XL: |  1  2  3  4  5  6  7  8  9 |
---------------+----------------------------+-----
Stealth        | 2 3 4 5 |  5.0
Dodging        | 2 3 4 5 |  5.2
Fighting       | 1 2 3 5 |  5.2
Ice Magic      | 4 5 6 |  6.0
Spellcasting   | 3 4 5 |  5.2
Conjurations   | 1 2 |  2.0

Action                   |  1- 3 |  4- 6 |  7- 9 || total
-------------------------+-------+-------+-------++-------
Melee: Dagger            |    69 |   164 |   156 ||   389
       Unarmed           |     1 |       |       ||     1
       Punch             |       |     1 |     5 ||     6
       Double sword      |       |       |     3 ||     3
       Headbutt          |       |       |     1 ||     1
 Cast: Freeze            |    20 |    11 |     9 ||    40
       Ozocubu's Armour  |       |     3 |     7 ||    10
       Frozen Ramparts   |       |     3 |     9 ||    12
  Use: Potion            |     2 |     1 |     3 ||     6
       Scroll            |       |    10 |       ||    10
 Stab: Sleeping          |    10 |     8 |     4 ||    22
       Distracted        |       |     1 |     1 ||     2
       Invisible         |       |       |     1 ||     1
Armor: Robe              |    15 |    65 |    36 ||   116
       Skin              |       |       |    21 ||    21
Dodge: Dodged            |    48 |   193 |   161 ||   402
